AoeStats
← 根本赢不了

Arena

510470667Analyzed
4v4 RM · 9h ago on Oct 1, 2026· 39m 29s· 8 players
Game mode
Random Map
Map size
Large (8 player)
Population
200
Speed
Normal
Resources
Standard
Victory
Conquest
Starting age
Dark Age
Ending age
Imperial Age
RankedLock teamsTeams togetherTeam positionsShared explorationLock speedFull tech treeHidden civsTurbo modeCheats
Victory
Defeat
🇨🇳 Armenians · China
1190
+17
🇨🇳 Cumans · China
1186
+19
🇺🇸 Portuguese · United States
1133
+19
🇨🇳 Spanish · China
1130
+19
🇵🇪 Persians · Peru
1279
-21
🇲🇽 Bohemians · Mexico
1267
-20
🇨🇱 Byzantines · Chile
1206
-18
🇦🇷 Bengalis · Argentina
1070
-13
Nortrom Antivirus
9:50 Loom
11:38 Feudal Age
16:11 Castle Age
14:04 Double-Bit Axe
14:02 Horse Collar
21:29 Imperial Age
19:40 Stone Mining
19:40 Gold Mining
20:54 Wheelbarrow
21:10 Loom
24:49 Stone Shaft Mining
25:17 Hand Cart
26:39 Town Watch
30:02 Ballistics
30:43 Chemistry
30:44 Masonry
30:32 Murder Holes
30:47 Town Patrol
31:48 Fletching
32:10 Arquebus
32:32 Conscription
31:35 Elite Organ Gun
33:08 Bow Saw
38:41 Siege Engineers
137@Ark
10:09 Feudal Age
10:50 Loom
16:33 Castle Age
14:33 Stone Mining
15:06 Gold Mining
24:31 Horse Collar
26:43 Devotion
27:34 Fletching
28:11 Husbandry
29:32 Bloodlines
28:56 Light Cavalry
29:34 Double-Bit Axe
30:34 Bodkin Arrow
31:04 Padded Archer Armor
32:07 Leather Archer Armor
33:46 Stone Shaft Mining
33:52 Bow Saw
34:23 Scale Barding Armor
34:29 Forging
40:04 Imperial Age
根本赢不了
8:37 Feudal Age
11:22 Double-Bit Axe
15:00 Horse Collar
25:20 Castle Age
24:38 Scale Barding Armor
24:44 Forging
24:58 Gold Mining
26:20 Bloodlines
26:52 Gold Shaft Mining
26:29 Bow Saw
26:20 Heavy Plow
29:01 Capped Ram
33:42 Chain Barding Armor
36:18 Iron Casting
38:38 Imperial Age
37:20 Loom
37:20 Town Watch
38:11 Stone Mining
39:05 Elite Steppe Lancer
40:50 Blast Furnace
40:43 Plate Barding Armor
2263430749
11:07 Feudal Age
11:18 Man-at-Arms
11:56 Double-Bit Axe
12:33 Long Swordsman
14:25 Loom
27:59 Castle Age
26:19 Scale Mail Armor
26:01 Horse Collar
26:45 Gold Mining
27:26 Forging
28:03 Two-Handed Swordsman
28:28 Gambesons
28:44 Squires
30:30 Chain Mail Armor
30:49 Arson
35:52 Bow Saw
35:46 Heavy Plow
36:53 Champion
41:10 Imperial Age
VZ | YURIEL
9:35 Feudal Age
8:48 Loom
13:55 Castle Age
12:44 Double-Bit Axe
14:10 Horse Collar
15:34 Fervor
18:10 Sanctity
20:41 Wheelbarrow
22:10 Bow Saw
22:41 Redemption
30:37 Imperial Age
32:38 Chemistry
32:50 Block Printing
33:00 Illumination
33:32 Elite Hussite Wagon
35:05 Hand Cart
34:36 Town Watch
36:56 Sappers
37:48 Conscription
38:22 Padded Archer Armor
ernesto97andre
9:36 Feudal Age
16:17 Castle Age
14:37 Double-Bit Axe
16:03 Horse Collar
28:26 Forging
30:33 Scale Barding Armor
nahuelAOE2
10:57 Feudal Age
15:09 Castle Age
13:35 Double-Bit Axe
14:25 Horse Collar
19:50 Loom
22:02 Wheelbarrow
23:00 Bow Saw
23:55 Gold Mining
29:39 Imperial Age
28:33 Heavy Plow
28:58 Fletching
29:11 Padded Archer Armor
29:46 Bodkin Arrow
30:44 Leather Archer Armor
30:49 Bracer
31:51 Ballistics
32:36 Chemistry
32:43 Elite Elephant Archer
35:30 Ballistics
37:03 Ring Archer Armor
37:29 Crop Rotation
38:04 Husbandry
38:15 Bloodlines
38:45 Stone Mining
39:32 Gold Shaft Mining
39:15 Hand Cart
Bienjamming
9:41 Feudal Age
11:58 Loom
14:54 Double-Bit Axe
19:50 Stone Mining
19:59 Fletching
28:49 Wheelbarrow
33:27 Castle Age
Connection lost

Rejoining the realm…

Still unreachable

The connection could not be restored.

Session expired

The server has moved on; the page needs a fresh start.